 Dungeon Crawl Stone Soup version 0.18-a0-1028-g6e46bd4 (webtiles) character file.

16 Arkorax the Grasshopper (level 2, -2/14 HPs)
             Began as a Spriggan Warper on Jan 9, 2016.
             Slain by a giant gecko (3 damage)
             ... on level 1 of the Dungeon.
             The game lasted 00:01:19 (522 turns).

Arkorax the Grasshopper (Spriggan Warper)            Turns: 522, Time: 00:01:19

Health: -2/14      AC:  2    Str:  7    XL:     2   Next: 37%
Magic:  6/6        EV: 19    Int: 14    God:
Gold:   15         SH:  0    Dex: 15    Spells: 1 memorised, 5 levels left

rFire  . . .     SeeInvis +     a - +0 short sword
rCold  . . .     Gourm    .     b - +0 robe
rNeg   . . .     Faith    .     (shield restricted)
rPois  .         Spirit   .     (helmet restricted)
rElec  .         Dismiss  .     (no cloak)
rCorr  .         Reflect  .     (gloves unavailable)
SustAt .         Harm     .     (boots unavailable)
MR     .....                    (no amulet)
Stlth  ++........               (no ring)
                                (no ring)

@: very quick, not resistant to hostile enchantments, unstealthy
A: unfitting armour, see invisible, herbivore 3, speed 3, slow metabolism 2
a: no special abilities


You were on level 1 of the Dungeon.
You were not hungry.

You visited 1 branch of the dungeon, and saw 1 of its levels.

You collected 15 gold pieces.

Inventory:

Hand Weapons
 a - a +0 short sword (weapon)
Missiles
 e - 5 tomahawks of dispersal (quivered)
Armour
 b - a +0 robe (worn)
Scrolls
 d - a scroll of blinking
Potions
 g - a potion of curing {unknown}
Books
 c - a book of Spatial Translocations

   Spells                             Type                      Level
   a - Apportation                    Translocation                1
   b - Blink                          Translocation                2
   c - Shroud of Golubria             Charms/Translocation         2
   d - Portal Projectile              Translocation                3
   e - Teleport Other                 Translocation                3
   f - Passage of Golubria            Translocation                4
Comestibles
 f - 2 bread rations
 h - 5 fruits


   Skills:
 - Level 1.5 Fighting
 - Level 2.1 Short Blades
 - Level 1.0 Throwing
 + Level 4.1 Dodging
 + Level 1.9 Stealth
 - Level 2.6 Spellcasting
 + Level 4.7 Translocations


You had 5 spell levels left.
You knew the following spells:

 Your Spells              Type           Power        Failure   Level  Hunger
a - Apportation           Tloc           ###.......   3%          1    #......


Dungeon Overview and Level Annotations

Branches:
Dungeon (1/15)

Altars:


Innate Abilities, Weirdness & Mutations

You are tiny and cannot use many weapons and most armour.
You have supernaturally acute eyesight.
You are a herbivore.
You cover ground extremely quickly.
You need consume almost no food.


Message History

You hit the hobgoblin but do no damage.
The hobgoblin is severely wounded.
The bat hits you but does no damage. x2
The giant gecko hisses menacingly.
The giant gecko barely misses you. The hobgoblin hits you.
* * * LOW HITPOINT WARNING * * *
The hobgoblin hits you with a club.
* * * LOW HITPOINT WARNING * * *
The giant gecko completely misses you.
Unknown command.
The bat closely misses you. The bat barely misses you. The bat misses you.
The hobgoblin hits you.
* * * LOW HITPOINT WARNING * * *
The giant gecko completely misses you. The hobgoblin misses you.
Unknown command.
The bat misses you. The giant gecko completely misses you.
The hobgoblin closely misses you.
The ooze quivers.
The bat misses you. The hobgoblin misses you. The giant gecko bites you.
You die...

.......≈≈≈..... #.# ##......
...≈...≈≈≈..... #.# #......
.#≈≈.≈≈≈≈#J....###.###### #......
##≈≈≈≈≈≈≈#..............###......
#########...............###)....
).......................
........(........#######
......gggb...>...#
......l@.........#
##...............#
#...............#
##.............## ##.....#.....##
#############


You could see an ooze, a giant gecko, 2 hobgoblins, a goblin and a bat.

Vanquished Creatures
  A giant cockroach (D:1)
  2 goblins (D:1)
  2 hobgoblins (D:1)
  3 kobolds (D:1)
  A ball python (D:1)
  A giant newt (D:1)
  5 rats (D:1)
15 creatures vanquished.

Notes
Turn   | Place    | Note
--------------------------------------------------------------
     0 | D:1      | Arkorax the Spriggan Warper began the quest for the Orb.
     0 | D:1      | Reached XP level 1. HP: 10/10 MP: 5/5
   401 | D:1      | Reached skill level 1 in Stealth
   406 | D:1      | Reached XP level 2. HP: 11/14 MP: 6/6
   522 | D:1      | Slain by a giant gecko

Vault maps used:
D:1:      dpeg_arrival_pond

Action                   || total
-------------------------++-------
Melee: Short sword       ||    64
 Stab: Sleeping          ||     2
